 Dungeon Crawl Stone Soup version 0.18-a0-1788-g92de1ac (webtiles) character file.

47 macross the Sneak (level 3, 0/24 HPs)
             Began as a Vampire Enchanter on Apr 21, 2016.
             Slain by a hound (1 damage)
             ... on level 4 of the Dungeon.
             The game lasted 00:11:47 (1806 turns).

macross the Sneak (Vampire Enchanter)               Turns: 1806, Time: 00:11:48

Health: 0/24       AC:  4    Str:  7    XL:     3   Next: 48%
Magic:  2/6        EV: 10    Int: 18    God:
Gold:   86         SH:  0    Dex: 14    Spells: 2 memorised, 2 levels left

rFire  . . .     SeeInvis +     a - +1 dagger
rCold  + . .     Gourm    .     b - +2 robe
rNeg   + + .     Faith    .     (no shield)
rPois  +         Spirit   .     (no helmet)
rElec  .         Dismiss  .     (no cloak)
rCorr  .         Reflect  .     (no gloves)
SustAt .         Harm     .     (no boots)
MR     .....                    (no amulet)
Stlth  ++++......               g - ring of flight
                                h - ring of stealth

@: regenerating slowly, constricted, not resistant to hostile enchantments,
stealthy
A: fangs 3, see invisible, unbreathing
a: Bat Form, Evoke Flight


You were on level 4 of the Dungeon.
You were thirsty.

You visited 1 branch of the dungeon, and saw 4 of its levels.

You collected 86 gold pieces.

Inventory:

Hand Weapons
 a - a +1 dagger (weapon)
Armour
 b - a +2 robe (worn)
 n - a +0 robe
Jewellery
 g - a ring of flight (right hand)
 h - a ring of stealth (left hand)
Wands
 p - a wand of confusion (27/48)
Scrolls
 i - 2 scrolls of remove curse
 j - a scroll of fog {unknown}
 l - a scroll of fear {unknown}
 m - 2 scrolls of recharging {unknown}
 o - a scroll of magic mapping {unknown}
Potions
 d - a potion of blood
 e - a potion of lignification
 f - a potion of might
Books
 c - a book of Maledictions

   Spells                             Type                      Level
   a - Corona                         Hexes                        1
   b - Ensorcelled Hibernation        Hexes/Ice                    2
   c - Confuse                        Hexes                        3
   d - Tukima's Dance                 Hexes                        3
   e - Dazzling Spray                 Conjuration/Hexes            3


   Skills:
 + Level 0.1 Fighting
 - Level 1.1 Short Blades
 + Level 2.6 Dodging
 + Level 5.6 Stealth
 + Level 2.1 Spellcasting
 + Level 5.2 Hexes


You had 2 spell levels left.
You knew the following spells:

 Your Spells              Type           Power        Failure   Level  Hunger
a - Corona                Hex            ###....      1%          1    #......
b - Confuse               Hex            ###.....     10%         3    ###....


Dungeon Overview and Level Annotations

Branches:
Dungeon (4/15)
 Temple: D:4-7

Altars:

Annotations:
D:2 Robin


Innate Abilities, Weirdness & Mutations

You heal slowly.
You have razor-sharp teeth.
You have supernaturally acute eyesight.
You can survive without breathing.


Message History

The hound barely misses you.
The ball python bites you but does no damage.
* * * LOW HITPOINT WARNING * * *
The ball python constricts you.
You hit the hound.
The hound is severely wounded.
The hound closely misses you.
The ball python bites you but does no damage.
The ball python constricts you.
You barely miss the hound.
The hound is severely wounded.
The hound closely misses you.
The ball python bites you but does no damage.
The ball python constricts you. The hound bites you but does no damage.
You hit the hound.
The hound is almost dead.
The ball python barely misses you.
* * * LOW HITPOINT WARNING * * *
The ball python constricts you. The hound bites you.
You die...

#### ## #.. ...#####
.##..# .......# ....#
.......# ###....#
......## ##...%..#
......## ###......[#
.......#####.........#
....##...............#
...######..##...@....#
...# ##.##..Sh....#
.### #..##.......# #
#..##.......#
##.###......# .#
#......# .. ##.....# #
#.....# #


You could see a hound and a ball python.

Vanquished Creatures
  2 adders
  A giant gecko (D:1)
  3 giant cockroaches
  3 goblins (D:1)
  4 hobgoblins (D:1)
  A kobold (D:1)
  2 quokkas
  A ball python skeleton (D:4)
  4 bats
  4 giant newts (D:1)
  2 rats
27 creatures vanquished.

Notes
Turn   | Place    | Note
--------------------------------------------------------------
     0 | D:1      | macross the Vampire Enchanter began the quest for the Orb.
     0 | D:1      | Reached XP level 1. HP: 13/13 MP: 3/3
   171 | D:2      | Noticed Robin
   627 | D:1      | Reached XP level 2. HP: 19/19 MP: 5/5
   905 | D:1      | Reached skill level 5 in Hexes
  1410 | D:2      | Reached skill level 5 in Stealth
  1410 | D:2      | Reached XP level 3. HP: 24/24 MP: 6/6
  1415 | D:2      | Learned a level 3 spell: Confuse
  1512 | D:4      | Noticed a centaur
  1806 | D:4      | HP: 1/24 [ball python (1)]
  1806 | D:4      | Slain by a hound

Vault maps used:
D:1:      dpeg_arrival_arbitrary_a
D:2:      nicolae_ru_path_of_blood, uniq_crazy_yiuf_cottage, uniq_robin
D:3:      goddamned_bats, uniq_terence
D:4:      lemuel_doored_altar, tso_oasis_becter, first_bread,
          minmay_fountain_box

Skill      XL: |  1  2 |
---------------+-------+-----
Hexes          | 5 |  5.2
Stealth        | 5 |  5.6
Fighting       | |  0.1
Short Blades   | |  1.1
Dodging        | |  2.6
Spellcasting   | |  2.1

Action                   || total
-------------------------++-------
Melee: Dagger            ||    96
       Bite              ||     2
 Cast: Corona            ||     8
       Confuse           ||     3
Evoke: Wand              ||     1
  Use: Scroll            ||     5
       Potion            ||     1
 Stab: Sleeping          ||    11
  Eat: Corpse            ||     2
Armor: Robe              ||    24
Dodge: Dodged            ||    85
